 Dungeon Crawl Stone Soup version 0.21-a0-185-g3a6ed1e (console) character file.

41 utis the Vexing (level 3, 14/14 HPs)
             Began as a Felid Enchanter on Aug 12, 2017.
             Quit the game on level 2 of the Dungeon.
             The game lasted 00:04:34 (1725 turns).

utis the Vexing (Felid Enchanter)                   Turns: 1725, Time: 00:04:35

Health: 14/14      AC:  1    Str:  5    XL:     3   Next: 32%
Magic:  7/7        EV: 18    Int: 16    God:
Gold:   74         SH:  0    Dex: 16    Spells: 3/6 levels left
                                        Lives:  0   Deaths: 0

rFire    . . .     SeeInvis +     - Unarmed
rCold    . . .     Gourm    .   (shield unavailable)
rNeg     . . .     Faith    .   (armour unavailable)
rPois    .         Spirit   .   (helmet unavailable)
rElec    .         Reflect  .   (cloak unavailable)
rCorr    .         Harm     .   (gloves unavailable)
MR       .....                  (boots unavailable)
Stlth    +++.......             (no amulet)
HPRegen  0.04/turn              (no ring)
MPRegen  0.10/turn              (no ring)

@: quick
A: no armour, no weapons or thrown items, stealth, claws 1, fangs 3, see
invisible, carnivore 3, speed 1, shaggy fur 1, slow metabolism 1, sharp paws
a: no special abilities


You were on level 2 of the Dungeon.
You were completely stuffed.

You visited 1 branch of the dungeon, and saw 2 of its levels.

You collected 74 gold pieces.

Inventory:

Jewellery
 d - a cursed -3 ring of strength {unknown}
 e - an uncursed ring of positive energy {unknown}
Scrolls
 c - a scroll of enchant weapon {unknown}
 i - a scroll of teleportation {unknown}
 j - a scroll of amnesia {unknown}
Potions
 f - a potion of invisibility {unknown}
 g - a potion of curing {@q1}
Books
 a - a book of Maledictions

   Spells                             Type                      Level
   a - Corona                         Hexes                        1
   b - Ensorcelled Hibernation        Hexes/Ice                    2
   c - Confuse                        Hexes                        3
   d - Tukima's Dance                 Hexes                        3
   e - Dazzling Spray                 Conjuration/Hexes            3
Comestibles
 b - 2 meat rations {@e1}
 h - a chunk of flesh


   Skills:
 - Level 2.6 Dodging
 - Level 4.0 Stealth
 - Level 2.6 Unarmed Combat
 - Level 2.0 Spellcasting
 + Level 4.8 Hexes
 + Level 1.0 Ice Magic


You had 3 spell levels left.
You knew the following spells:

 Your Spells              Type           Power        Failure   Level  Hunger
a - Corona                Hex            ###....      2%          1    #......
e - Ensorcelled Hibernat  Hex/Ice        ##....       10%         2    ###....


Dungeon Overview and Level Annotations

Branches:
Dungeon (2/15)

Altars:


Innate Abilities, Weirdness & Mutations

You cannot wear armour.
You are incapable of wielding weapons or throwing items.
Your paws allow you to move quietly. (Stealth)
You have sharp claws.
You have razor-sharp teeth.
You have supernaturally acute eyesight. (SInv)
You are carnivorous and can eat meat at any time.
You cover ground quickly.
You are covered in fur. (AC +1)
You have a slow metabolism.
Your sharp claws are effective at attacking unaware monsters.


Message History

a robe; a scroll of enchant armour You now have 74 gold pieces (gained 9).
Things that are here:
a robe; a scroll of enchant armour
c - a scroll labeled POADUKK VYMO
e - a blackened glass ring
Found a stone staircase leading down.
f - a red potion
Found 15 bolts.
Some of the chunks of flesh in your inventory have rotted away.
j - a scroll labeled GOOMEVVISHA A hobgoblin comes into view.
You see here 9 gold pieces.
A hobgoblin is nearby!
A hobgoblin is nearby!
No target in range!
The hobgoblin shouts!
A bat comes into view.
The bat moves out of view.
Are you sure you want to abandon this character and quit the game? (Confirm with "yes".)

...░░░░ ..... ░..░ ░€g░
░..░░ ░...░ ░...░░ ░ ░░...░
░ ░.░.░░...░░.░
░.....h.....░
░░░░░░░░░░░░░░..░░░░
░................░
░░░░.░░░░░░░░░░░.░..░░░░░.░
.......░ ░.░........░
.░░░.░.░ ░.░...░░░░░░ .░
░.░.░ ░.░...░░ .░ ░.░.░
░.░.░..░░░░░░░░ .░ ░.░.░
░.░.░.......... .░░░.░.░
░░░░░░░.░.░..░░░░░░░░


You could see a hobgoblin.

Vanquished Creatures
  A gnoll (D:1)
  2 bats (D:1)
  3 giant cockroaches (D:1)
  3 goblins (D:1)
  4 hobgoblins (D:1)
  6 jackals (D:1)
  A ball python (D:1)
  6 frilled lizards
  3 kobolds (D:1)
  A rat (D:1)
30 creatures vanquished.

Notes
Turn   | Place    | Note
-------+----------+-------------------------------------------
     0 | D:1      | utis the Felid Enchanter began the quest for the Orb.
     0 | D:1      | Reached XP level 1. HP: 7/7 MP: 4/4
   223 | D:1      | Reached XP level 2. HP: 9/11 MP: 6/6
   682 | D:1      | Learned a level 2 spell: Ensorcelled Hibernation
  1180 | D:1      | Reached XP level 3. HP: 14/14 MP: 4/7
  1331 | D:1      | Reached skill level 1 in Ice Magic
  1725 | D:2      | Quit the game

Vault maps used:
D:1:      enne_arrival_octagon_isle
D:2:      chequers_ecumenical_altar_twisty, first_bread

Skill      XL: |  1  2  3 |
---------------+----------+-----
Unarmed Combat | 2 |  2.6
Ice Magic      | 1 |  1.0
Dodging        | |  2.6
Stealth        | |  4.0
Spellcasting   | |  2.0
Hexes          | |  4.8

Action                   || total
-------------------------++-------
Melee: Unarmed           ||   107
       Bite              ||     4
       Punch             ||     1
 Cast: Corona            ||     9
       Ensorcelled Hiber ||     4
  Use: Scroll            ||     3
 Stab: Sleeping          ||    10
  Eat: Chunk             ||     9
Armor: Skin              ||     4
Dodge: Dodged            ||    93
